 Dungeon Crawl Stone Soup version 0.19.5 (webtiles) character file.

403 Arvee the Ruffian (level 6, -8/62 HPs)
             Began as a Troll Monk on Apr 13, 2017.
             Mangled by an ogre
             ... wielding a +0 giant club
              (29 damage)
             ... on level 4 of the Dungeon.
             The game lasted 00:04:43 (2193 turns).

Arvee the Ruffian (Troll Monk)                      Turns: 2193, Time: 00:04:43

Health: -8/62      AC:  7    Str: 20      XL:     6   Next: 55%
Magic:  5/5        EV: 11    Int:  3 (6)  God:
Gold:   193        SH:  0    Dex: 12 (14) Spells: 0 memorised, 5 levels left

rFire  . . .     SeeInvis .       - Unarmed
rCold  . . .     Gourm    +     q - +2 robe {MR+}
rNeg   + . .     Faith    .     (no shield)
rPois  .         Spirit   .     (helmet restricted)
rElec  .         Reflect  .     (no cloak)
rCorr  .         Harm     .     (gloves unavailable)
MR     +....                    (boots unavailable)
Stlth  ++........               (no amulet)
                                (no ring)
                                g - ring of positive energy

@: lethally poisoned (-8 -> -8)
A: unfitting armour, claws 3, fast metabolism 3, gourmand, regeneration 1,
shaggy fur 1, tough skin 2
a: no special abilities


You were on level 4 of the Dungeon.
You were not hungry.

You visited 1 branch of the dungeon, and saw 4 of its levels.

You collected 193 gold pieces.

Inventory:

Armour
 a - a +0 robe
 q - a +2 robe of magic resistance (worn)
Jewellery
 g - a ring of positive energy (left claw)
Wands
 h - a wand of iceblast (10/15)
Scrolls
 c - a scroll of teleportation
 e - 2 scrolls of magic mapping {unknown}
 k - a scroll of remove curse
 l - a scroll of enchant weapon
 n - 2 scrolls of identify
 o - a scroll of amnesia
Potions
 i - a potion of curing
 j - a potion of brilliance {unknown}
Comestibles
 b - 5 bread rations
 d - 2 meat rations
 f - a beef jerky
 p - a royal jelly


   Skills:
 + Level 3.9 Fighting
 + Level 4.1 Dodging
 - Level 1.0 Stealth
 + Level 4.9 Unarmed Combat


You had 5 spell levels left.
You didn't know any spells.

Dungeon Overview and Level Annotations

Branches:
Dungeon (4/15)
 Temple: D:4-7

Altars:
Ashenzari
Hepliaklqana
Kikubaaqudgha
Nemelex Xobeh
Sif Muna

Shops:
D:4 =


Innate Abilities, Weirdness & Mutations

You are too large for most types of armour.
You have claws for hands.
Your metabolism is lightning-fast.
You like to eat raw meat.
Your natural rate of healing is unusually fast.
You are covered in fur. (AC +1)
You have very tough skin. (AC +2)


Message History

The ogre is lightly wounded.
The ogre hits you with a giant club! The giant cockroach misses you.
You scratch the ogre.
The ogre is lightly wounded.
You feel sick. The giant cockroach barely misses you.
The ogre closely misses you.
You are too injured to fight recklessly!
Items here: )))) [[ †††† You scratch the giant cockroach.
The giant cockroach is heavily wounded.
The giant cockroach barely misses you.
You closely miss the giant cockroach.
The giant cockroach is heavily wounded.
You feel sick. The giant cockroach closely misses you.
You claw the giant cockroach!
You kill the giant cockroach!
You claw the ogre!
The ogre is heavily wounded.
The ogre hits you with a giant club!!
You die...

#...........
.###........... ##
............... ..
............. ..
#....?.....#
..##..........# ##
#.......†...# #.
#.##.###O#..## #.
#....# #@#..... #.
......##.#.##.......<.
#.
#.........#.........##.
#.........##........##.
#.........##........##.
#.........##...........
#.........##...........
#..........#...........
#..........>...........


You could see an ogre.

Vanquished Creatures
  A phantom (D:4)
  A centaur (D:3)
  A howler monkey (D:4)
  An orc priest (D:3)
  An orc wizard (D:3)
  Ijyb (D:2)
  4 adders
  An ooze (D:3)
  A worm (D:2)
  A leopard gecko (D:3)
  9 orcs
  6 giant cockroaches
  8 goblins
  5 hobgoblins
  8 kobolds
  2 quokkas
  5 bats
  5 frilled lizards
  7 rats
68 creatures vanquished.

Notes
Turn   | Place    | Note
-------+----------+-------------------------------------------
     0 | D:1      | Arvee the Troll Monk began the quest for the Orb.
     0 | D:1      | Reached XP level 1. HP: 22/22 MP: 0/0
   124 | D:1      | Reached XP level 2. HP: 18/29 MP: 1/1
   781 | D:2      | Reached XP level 3. HP: 36/36 MP: 2/2
   835 | D:2      | Found a sparkling altar of Nemelex Xobeh.
   835 | D:2      | Noticed Ijyb
   840 | D:2      | Killed Ijyb
   885 | D:2      | Found an ancient bone altar of Kikubaaqudgha.
   885 | D:2      | Found a hazy altar of Hepliaklqana.
  1092 | D:2      | Found a deep blue altar of Sif Muna.
  1328 | D:2      | You fall through a shaft for 2 floors!
  1379 | D:4      | Found Keedium's Jewellery Boutique.
  1434 | D:3      | Noticed a centaur
  1440 | D:3      | Killed a centaur
  1440 | D:3      | Reached XP level 4. HP: 36/45 MP: 3/3
  1440 | D:3      | Reached XP level 5. HP: 43/53 MP: 4/4
  1769 | D:3      | Found a shattered altar of Ashenzari.
  2133 | D:4      | Reached XP level 6. HP: 45/62 MP: 5/5
  2193 | D:4      | Mangled by an ogre

Skill      XL: |  1  2  3  4  5  6 |
---------------+-------------------+-----
Fighting       | 3 |  3.9
Dodging        | 3 4 |  4.1
Unarmed Combat | 4 |  4.9
Stealth        | |  1.0

Action                   |  1- 3 |  4- 6 || total
-------------------------+-------+-------++-------
Melee: Unarmed           |    80 |   111 ||   191
       Punch             |     1 |     4 ||     5
  Use: Scroll            |     6 |     1 ||     7
       Potion            |       |     5 ||     5
 Stab: Sleeping          |     4 |     1 ||     5
  Eat: Chunk             |    17 |     3 ||    20
Armor: Robe              |    17 |    36 ||    53
Dodge: Dodged            |    36 |    51 ||    87
